Minoru, lawful male human Samurai --- |. |. ----- |. ..... |. .....--- |.- --- ....... |.| ..- ...... --- |.|---... .....- -.- |.||.%. .... .. |.--)- ...-. |..%.| .G.| --.)..-- -@---|.....<| |hh.--.|....- --.....|---..- |..---- |... ---- ----- Minoru the Ninja Experience level: 8 Strength: 16 Dexterity: 14 Constitution: 18 Intelligence: 9 Wisdom: 8 Charisma: 10 Health: 0(68) Energy: 30(30) Def: 7 Gold: 1272 Moves: 5088 Dungeon seed: rZrnAgin63SpBc8_ Game ID: Minoru_1560706072 Your Inventory: Coins $ - 1272 gold pieces Weapons a - an uncursed +0 katana (weapon in hand) b - an uncursed +0 wakizashi c - an uncursed +0 yumi (alternate weapon; not wielded) d - 7 uncursed +0 ya (in quiver) x - an uncursed +0 bow R - 7 uncursed +1 arrows Y - 38 uncursed +0 arrows Armor n - an uncursed +0 dwarvish mithril-coat named noncursed (being worn) r - an uncursed +0 helm of brilliance (being worn) z - an uncursed +0 dwarvish cloak (being worn) Comestibles D - an uncursed gunyoki Scrolls g - 2 uncursed scrolls of identify m - an uncursed scroll of punishment o - a blessed scroll of identify s - an uncursed scroll of light A - an uncursed scroll of teleportation B - an uncursed scroll of confuse monster G - 2 uncursed scrolls of enchant armor Potions f - 2 uncursed potions of hallucination k - an uncursed potion of sickness l - an uncursed potion of gain energy Q - an uncursed potion of extra healing Wands j - an uncursed wand of nothing (0:6) t - an uncursed wand of teleportation (0:8) J - an uncursed wand of opening (0:3) K - an uncursed wand of teleportation (0:7) O - an uncursed wand of magic missile (0:1) V - an uncursed wand of cancellation (0:5) Tools i - an uncursed skeleton key named noncursed p - 33 uncursed tallow candles (0:200) u - 6 uncursed wax candles (0:400) w - an uncursed partly used wax candle (0:271) C - 3 cursed tallow candles (0:200) F - an uncursed blindfold named noncursed H - an uncursed sack I - an uncursed tin whistle L - 4 cursed wax candles (0:400) M - an uncursed credit card T - an uncursed sack U - an uncursed tin opener X - an uncursed tin whistle Gems e - an uncursed worthless piece of orange glass h - 4 uncursed worthless pieces of white glass q - an uncursed worthless piece of yellowish brown glass v - 2 uncursed worthless pieces of green glass y - 3 uncursed worthless pieces of violet glass E - an uncursed worthless piece of black glass N - 2 uncursed worthless pieces of yellow glass P - an uncursed jasper stone S - an uncursed turquoise stone W - an uncursed emerald Z - 2 uncursed worthless pieces of red glass Contents of the sack: an uncursed scroll of identify Contents of the sack: an uncursed spellbook of detect unseen Spells and supernatural/magical abilities: Name Level Category Fail Memory W - pray for help -- divine ? -- Your skills at the end: Fighting Skills martial arts [Basic] Weapon Skills short sword [Basic] long sword [Skilled] bow [Basic] Spellcasting Skills Final Attributes: You were piously aligned. You were stunned. You were telepathic. You were fast. You were lucky. You are dead. Vanquished creatures: a small mimic a quivering blob 3 leprechauns 3 gnome kings an owlbear a yeti a dust vortex an ape a rope golem 2 bugbears 2 imps a pony a fog cloud a shrieker 10 gnome lords 6 gnomish wizards a gray ooze an elf zombie a little dog 2 floating eyes 2 kittens 3 dwarves a homunculus a kobold lord 6 hill orcs a rabid rat 2 centipedes a giant bat 5 monkeys 3 orc zombies a werejackal 2 iguanas 3 coyotes a gas spore 2 hobbits a large kobold 3 hobgoblins 3 cave spiders a yellow mold 44 gnomes 7 garter snakes 3 geckos 11 jackals a kobold 3 sewer rats 8 grid bugs 2 bats a lichen 2 kobold zombies 4 newts 169 creatures vanquished. Voluntary challenges: You used a wielded weapon 272 times, starting on turn 276. You read items or engraved 11 times, starting on turn 2873. You never genocided any monsters. You never polymorphed an object. You never changed form. You used no wishes. You never split a pudding. You never wrote Elbereth's name. You violated your moral code, losing 4 points of alignment, starting on turn 5074. Dungeon overview: The Dungeons of Doom: levels 1 to 7 Level 1 a long staircase Level 2 Level 3 a general store, an altar to Susanowo stairs to The Gnomish Mines Level 4 Level 5 Level 6 an armor shop Level 7 The Gnomish Mines: levels 4 to 10 Level 4 stairs to The Dungeons of Doom Level 5 Level 6 Level 7 some shops, a temple to Amaterasu Omikami, some fountains Level 8 Level 9 Level 10 <- You were here History has recorded: On T:1 you entered the Dungeons of Doom to retrieve the Amulet of Yendor! On T:99 you reached level 2 of The Dungeons of Doom. On T:549 you reached level 3 of The Dungeons of Doom. On T:747 you advanced to experience level 2. On T:777 you reached level 4 of The Dungeons of Doom. On T:848 you reached level 1 of The Gnomish Mines. On T:929 you advanced to experience level 3. On T:1543 you reached level 5 of The Dungeons of Doom. On T:1739 you advanced to experience level 4. On T:2083 you reached level 6 of The Dungeons of Doom. On T:2447 you reached level 7 of The Dungeons of Doom. On T:2582 you advanced to experience level 5. On T:3053 you advanced to experience level 6. On T:3215 you reached level 2 of The Gnomish Mines. On T:3253 you reached level 3 of The Gnomish Mines. On T:3712 you advanced to experience level 7. On T:3833 you reached level 4 of The Gnomish Mines. On T:4423 you reached level 5 of The Gnomish Mines. On T:4746 you reached level 6 of The Gnomish Mines. On T:4774 you reached level 7 of The Gnomish Mines. On T:4822 you advanced to experience level 8. Score breakdown: Gold: 1272 (10561 points) Experience: 8 levels (14739 points) Exploration: 10 levels ( 20.00%) (12857 points) Discoveries: 7 items ( 2.85%) ( 5060 points) Valuables value: (no points given unless you survive) Artifact value: 0 ( 0 points) Variety of kills: 50 monsters ( 13.12%) (10867 points) Turncount: 5088 turns (-1380 points) Survival: died (score multiplied by 80%) Total score: 42163 Latest messages: The dwarf swings her dwarvish mattock. The dwarf hits! Sparks fly as you whack the wall. Your katana vibrates violently! The dwarf thrusts her dagger. The dwarf hits! Sparks fly as you whack the wall. The air crackles around the gnomish wizard. The dwarf swings her dwarvish mattock. The dwarf hits! You begin praying to Amaterasu Omikami. You are surrounded by a shimmering light. The gnomish wizard starts to attack you, but pulls back. The dwarf starts to attack you, but pulls back. The gnomish wizard starts to attack you, but pulls back. The dwarf starts to attack you, but pulls back. The gnomish wizard starts to attack you, but pulls back. The dwarf starts to attack you, but pulls back. You feel that Amaterasu Omikami is well-pleased. You write in the dust with your fingers. The gnomish wizard points at you, then curses. The dwarf swings her dwarvish mattock. The dwarf hits! You die... Final status: Sayonara Minoru the Samurai, killed by a dwarf... You died in The Gnomish Mines on dungeon level 10 with 42163 points, and 1272 pieces of gold, after 5088 moves. You were level 8 with a maximum of 68 hit points when you died.